 Dungeon Crawl Stone Soup version 0.31-a0-234-gad7ace16ef (webtiles) character file.

Game seed: 18036066612681316762

73 qw the Shooter (level 4, -6/36 HPs)
             Began as a Minotaur Hexslinger on July 9, 2023.
             Mangled by Grinder (9 damage)
             ... on level 3 of the Dungeon.
             The game lasted 00:00:45 (1672 turns).

qw the Shooter (Minotaur Hexslinger)                Turns: 1672, Time: 00:00:46

Health: -6/36      AC:  3    Str: 12    XL:     4   Next: 8%
Magic:  4/4        EV: 12    Int: 10    God:
Gold:   117        SH:  0    Dex: 15    Spells: 4/5 levels left

rFire   . . .        Y - +2 sling
rCold   . . .        (no shield)
rNeg    + . .        e - +0 leather armour
rPois   .            (helmet restricted)
rElec   .            (no cloak)
rCorr   .            (no gloves)
SInv    .            (no boots)
Will    .....        (no amulet)
Stlth   +            d - ring of positive energy
HPRegen 0.26/turn    (no ring)
MPRegen 0.09/turn

%: no passive effects
@: no status effects
A: horns 2, retaliatory headbutt
a: no special abilities


You were on level 3 of the Dungeon.
You visited 1 branch of the dungeon, and saw 3 of its levels.

You collected 117 gold pieces.


Innate Abilities, Weirdness & Mutations

You have a pair of horns on your head.
You reflexively headbutt those who attack you in melee.


   Skills:
 - Level 2.0 Fighting
 + Level 4.6 Ranged Weapons
 - Level 2.1 Dodging
 - Level 1.0 Spellcasting
 - Level 2.0 Hexes


You had 4 spell levels left.
You knew the following spells:

 Your Spells              Type           Power      Damage    Failure   Level
a - Slow                  Hex            16%        N/A       19%         1

Your spell library contained the following spells:

 Spells                   Type           Power      Damage    Failure   Level
 Inner Flame              Hex/Fire       2%         N/A       65%         3
 Portal Projectile        Hex/Tloc       4%         N/A       65%         3
 Cause Fear               Hex            2%         N/A       88%         4

Inventory:

Hand Weapons
 Y - a +2 sling (weapon)
Armour
 a - a +0 ring mail
 e - a +0 leather armour (worn)
Jewellery
 d - a ring of positive energy (left hand)
Scrolls
 k - a scroll of identify
Potions
 b - a potion of curing {unknown}
 c - a potion of haste {unknown}
 f - a potion of might {unknown}
 g - a potion of attraction {unknown}
 h - a potion of brilliance {unknown}

Dungeon Overview and Level Annotations

Branches:
Dungeon (3/15)

Altars:
Ru

Annotations:
D:3 Grinder


Message History

You shoot a sling bullet. The sling bullet barely misses Grinder.
Grinder closely misses you. You furiously retaliate!
You headbutt Grinder! You shoot a sling bullet.
The sling bullet barely misses Grinder.
Grinder hits you but does no damage.
You shoot a sling bullet. The sling bullet hits Grinder.
Grinder is moderately wounded.
Grinder barely misses you.
You shoot a sling bullet.
The sling bullet closely misses Grinder.
Grinder says, "FISH!"
Grinder gestures at you.
You suddenly lose the ability to move!
Grinder hits you!
You writhe in agony.
Grinder hits you.
You writhe in agony.
You can move again.
You shoot a sling bullet. The sling bullet hits Grinder.
Grinder is heavily wounded.
Grinder gestures at you. You resist with significant effort.
You shoot a sling bullet. The sling bullet hits Grinder.
Grinder is severely wounded.
Grinder hits you.
You shoot a sling bullet. The sling bullet barely misses Grinder.
Grinder gestures at you.
You barely resist. You shoot a sling bullet.
The sling bullet closely misses Grinder.
Grinder gestures at you. Pain shoots through your body!
You shoot a sling bullet. The sling bullet barely misses Grinder.
Grinder hits you!
You shoot a sling bullet. The sling bullet hits Grinder.
Grinder is severely wounded.
Grinder closely misses you. x2; You furiously retaliate!
You headbutt Grinder! You shoot a sling bullet.
The sling bullet closely misses Grinder.
Grinder hits you!
You shoot a sling bullet.
The sling bullet closely misses Grinder.
Grinder hits you!
You die...

.#######........
.........#####..##
#
########.........#
.#
#...........(#.##.#
#
#.....######.#.#..
.# #[....# .... ...
##.....########..
....
#..............5#
..... ##......####
#@#......
...##.#### #.'#
.####....## #.#...#
.%.#####..# #.#.#.#
##....###.######.#
. .. ####.#
#.#......# #. ##
#.###.#......# .#
#####............#
#
..........#......#


You could see Grinder.

Vanquished Creatures
  A gnoll (D:1)
  3 dart slugs
  4 orcs (D:3)
  4 ball pythons
  5 endoplasms
  3 giant cockroaches
  4 goblins
  7 hobgoblins
  3 jackals (D:2)
  3 kobolds (D:1)
  3 quokkas
  A bat (D:1)
  A frilled lizard (D:3)
  5 rats
47 creatures vanquished.

Notes
Turn   | Place    | Note
-------+----------+-------------------------------------------
     0 | D:1      | qw the Minotaur Hexslinger began the quest for the Orb.
     0 | D:1      | Reached XP level 1. HP: 16/16 MP: 1/1
     0 | D:1      | 0 ||| qw: Version: 0.3-a-51-g015441d
     0 | D:1      | 0 ||| qw: Game counter: 4311
     0 | D:1      | 0 ||| qw: Melee chars always use a shield: true
     0 | D:1      | 0 ||| qw: God list: Okawaru
     0 | D:1      | 0 ||| qw: Allow faded altars: false
     0 | D:1      | 0 ||| qw: Do Orc after clearing Dungeon:15 true
     0 | D:1      | 0 ||| qw: Do second Lair branch before Depths: true
     0 | D:1      | 0 ||| qw: Lair rune preference: random
     0 | D:1      | 0 ||| qw: Goals: Normal
     0 | D:1      | 0 ||| PLANNING D:1-11
    76 | D:1      | 76 ||| FLEEEEING.
    77 | D:1      | 77 ||| FLEEEEING.
    78 | D:1      | 78 ||| FLEEEEING.
    90 | D:1      | HP: 3/16 [goblin/+0 club (3)]
   112 | D:1      | 112 ||| FLEEEEING.
   220 | D:1      | Reached skill level 3 in Ranged Weapons
   224 | D:1      | Reached XP level 2. HP: 23/23 MP: 2/2
   502 | D:1      | Reached XP level 3. HP: 20/29 MP: 3/3
   852 | D:1      | 852 ||| UPGRADING to +0 leather armour.
   862 | D:1      | 862 ||| DROPPING +0 robe.
   863 | D:1      | 863 ||| UPGRADING to ring of positive energy.
   864 | D:1      | 864 ||| DROPPING scroll of poison.
  1038 | D:2      | Found a sacrificial altar of Ru.
  1137 | D:2      | Reached skill level 4 in Ranged Weapons
  1485 | D:2      | 1485 ||| READING scroll labelled IDIEPR AHERPH.
  1486 | D:2      | 1486 ||| READING scroll labelled JAJOIS YMEU.
  1489 | D:2      | 1489 ||| READING scroll labelled OFOKHL TIGOSYO.
  1490 | D:2      | 1490 ||| READING 2 scrolls labelled ACWOMEBAVEY.
  1540 | D:3      | Reached XP level 4. HP: 36/36 MP: 4/4
  1656 | D:3      | Noticed Grinder
  1663 | D:3      | Paralysed by Grinder for 2 turns
  1671 | D:3      | HP: 3/36 [Grinder (9)]
  1672 | D:3      | Mangled by Grinder

Levels and vault maps discovered:
D:1:      amcnicky_arrival_gap_in_the_tavern_cellar, layout_basic, st_stairs_14
D:2:      layout_basic, basic_altar
D:3:      layout_rooms, roderic_st_hans_cross, uniq_natasha, uniq_grinder

Skill      XL: |  1  2  3 |
---------------+----------+-----
Ranged Weapons | 3 4 |  4.6
Fighting       | 2 |  2.0
Dodging        | |  2.1
Spellcasting   | |  1.0
Hexes          | |  2.0

Action                     |  1- 3 |  4- 6 || total
---------------------------+-------+-------++-------
   Fire: Sling             |   146 |    23 ||   169
    Use: Scroll            |     4 |       ||     4
 Armour: Robe              |     5 |       ||     5
         Leather armour    |     5 |     3 ||     8
  Dodge: Dodged            |    27 |     6 ||    33

Table legend:
 A = Non-vault XP
 B = Vault XP
 C = Vault XP percentage of total XP
 D = Non-vault monster count
 E = Vault monster count
 F = Vault count percentage of total count
                 A         B        C        D         E       F
            +---------+---------+-------+---------+---------+-------
      Total |     103 |       2 |   1.9 |      46 |       1 |   2.1
            +---------+---------+-------+---------+---------+-------
        D:1 |      48 |       2 |   4.0 |      19 |       1 |   5.0
        D:2 |      34 |       0 |   0.0 |      18 |       0 |   0.0
        D:3 |      21 |       0 |   0.0 |       9 |       0 |   0.0
            +---------+---------+-------+---------+---------+-------
